 Dungeon Crawl Stone Soup version 0.27.0-1-g7a089689b8 (webtiles) character file.

Game seed: 5643480795453086132

49 Dann the Grave Robber (level 3, -1/25 HPs)
             Began as a Gnoll Wanderer on Aug 9, 2021.
             Slain by a bullfrog skeleton (4 damage)
             ... on level 2 of the Dungeon.
             The game lasted 00:05:18 (1690 turns).

Dann the Grave Robber (Gnoll Wanderer)              Turns: 1690, Time: 00:05:19

Health: -1/25      AC:  2    Str:  9    XL:     3   Next: 75%
Magic:  9/9        EV: 13    Int: 13    God:
Gold:   109        SH:  0    Dex: 12    Spells: 10/12 levels left

rFire    . . .     SeeInvis .   a - +0 dagger
rCold    . . .     Faith    .   (no shield)
rNeg     . . .     Spirit   .   b - +0 robe
rPois    .         Reflect  .   (no helmet)
rElec    .         Harm     .   (no cloak)
rCorr    .         Rampage  .   (no gloves)
Will     .....                  (no boots)
Stlth    ++........             (no amulet)
HPRegen  0.08/turn              (no ring)
MPRegen  0.11/turn              (no ring)

@: no status effects
A: fangs 1, strong nose, distributed training
a: no special abilities


You were on level 2 of the Dungeon.
You visited 1 branch of the dungeon, and saw 2 of its levels.

You collected 109 gold pieces.

Inventory:

Hand Weapons
 a - a +0 dagger (weapon)
Armour
 b - a +0 robe (worn)
Jewellery
 e - a +4 ring of protection
 f - a ring of see invisible
Scrolls
 g - a scroll of identify {unknown}
Potions
 c - a potion of lignification
 d - a potion of degeneration {unknown}


   Skills:
 + Level 0.9 Fighting
 + Level 0.9 Short Blades
 + Level 2.6 Long Blades
 + Level 0.9 Axes
 + Level 0.9 Maces & Flails
 + Level 0.9 Polearms
 + Level 0.9 Staves
 + Level 0.9 Slings
 + Level 0.9 Bows
 + Level 0.9 Crossbows
 + Level 0.9 Throwing
 + Level 0.9 Armour
 + Level 4.5 Dodging
 + Level 2.4 Stealth
 + Level 0.9 Shields
 + Level 0.9 Unarmed Combat
 + Level 5.0 Spellcasting
 + Level 0.6 Conjurations
 + Level 0.6 Hexes
 + Level 0.6 Summonings
 + Level 5.4 Necromancy
 + Level 0.6 Translocations
 + Level 0.6 Transmutations
 + Level 0.6 Fire Magic
 + Level 0.6 Ice Magic
 + Level 0.6 Air Magic
 + Level 0.6 Earth Magic
 + Level 0.6 Poison Magic
 + Level 1.0 Invocations
 + Level 2.6 Evocations


You had 10 spell levels left.
You knew the following spells:

 Your Spells              Type           Power      Damage    Failure   Level
a - Animate Skeleton      Necr           34%        N/A       1%          1
b - Pain                  Necr           68%        1d7       1%          1

Your spell library contained the following spells:

 Spells                   Type           Power      Damage    Failure   Level
 Vampiric Draining        Necr           8%         2d7       6%          3
 Corpse Rot               Necr/Air       N/A        N/A       9%          2
 Animate Dead             Necr           8%         N/A       21%         4
 Static Discharge         Conj/Air       4%         N/A       22%         2
 Agony                    Necr           17%        N/A       50%         5


Dungeon Overview and Level Annotations

Branches:
Dungeon (2/15)

Altars:


Innate Abilities, Weirdness & Mutations

You have very sharp teeth.
Your uncanny sense of smell can sniff out nearby items.
Your experience applies equally to all skills.


Message History

The bullfrog skeleton is moderately damaged.
The bullfrog skeleton barely misses you.
The bullfrog skeleton misses you.
You hit the bullfrog skeleton.
The bullfrog skeleton is moderately damaged.
The bullfrog skeleton hits you.
You hit the bullfrog skeleton but do no damage.
The bullfrog skeleton is moderately damaged.
The bullfrog skeleton hits you but does no damage.
You hit the bullfrog skeleton.
The bullfrog skeleton is heavily damaged.
The bullfrog skeleton hits you.
You hit the bullfrog skeleton but do no damage.
You bite the bullfrog skeleton, but do no damage.
The bullfrog skeleton is heavily damaged.
The bullfrog skeleton barely misses you.
The bullfrog skeleton hits you.
You hit the bullfrog skeleton but do no damage.
The bullfrog skeleton is heavily damaged.
The bullfrog skeleton barely misses you.
You hit the bullfrog skeleton but do no damage.
The bullfrog skeleton is heavily damaged.
The bullfrog skeleton closely misses you.
You hit the bullfrog skeleton.
The bullfrog skeleton is heavily damaged.
The bullfrog skeleton hits you.
You hit the bullfrog skeleton.
You bite the bullfrog skeleton, but do no damage.
The bullfrog skeleton is heavily damaged.
The bullfrog skeleton hits you.
* * * LOW HITPOINT WARNING * * *
The bullfrog skeleton hits you.
* * * LOW HITPOINT WARNING * * *
An adder comes into view.
Unknown command.
You hit the bullfrog skeleton.
The bullfrog skeleton is severely damaged.
The bullfrog skeleton barely misses you.
The bullfrog skeleton hits you.
You die...

#. #.#### ∆..
.......# .
..#....#
#.#.#....#
.#.#....####.
..#.........
#.#.@....S..
#.#.Z......#
#......#...#
#..#.###.#
#.# ....
#.###... .
§#.#
##...###... #
#..#...###.
##.####...#
#..# #..


You could see an adder and a bullfrog skeleton.

Vanquished Creatures
  3 endoplasms
  A giant cockroach (D:1)
  4 goblins
  6 hobgoblins
  6 jackals (D:1)
  3 kobolds
  A quokka (D:1)
  3 ball pythons
  3 bats (D:1)
  3 frilled lizards
  11 rats
44 creatures vanquished.

Notes
Turn   | Place    | Note
-------+----------+-------------------------------------------
     0 | D:1      | Dann the Gnoll Wanderer began the quest for the Orb.
     0 | D:1      | Dann set off with the following items: a +0 dagger, a +0
                  | robe, a potion of lignification; and the following spells
                  | available to memorise: Animate Skeleton, Pain, Vampiric
                  | Draining, Corpse Rot, Animate Dead, Static Discharge, Agony
     0 | D:1      | Reached XP level 1. HP: 13/13 MP: 6/6
     2 | D:1      | Learned a level 1 spell: Animate Skeleton
     4 | D:1      | Learned a level 1 spell: Pain
   228 | D:1      | Reached XP level 2. HP: 14/19 MP: 3/7
   565 | D:1      | Found a faded altar of an unknown god.
   776 | D:1      | Reached XP level 3. HP: 20/25 MP: 3/9
   778 | D:1      | Reached skill level 5 in Spellcasting
  1354 | D:2      | Reached skill level 1 in Invocations
  1690 | D:2      | Slain by a bullfrog skeleton

Illustrated notes

Levels and vault maps discovered:
D:1:      roderic_dead_forest, layout_rooms, chequers_ecumenical_altar_simple,
          minmay_rat_gold_closets
D:2:      minmay_skewed_foursquare, layout_basic, st_stairs_6, kennysheep_boxes

Skill      XL: |  1  2  3 |
---------------+----------+-----
Spellcasting   | 5 |  5.0
Invocations    | 1 |  1.0
Fighting       | |  0.9
Short Blades   | |  0.9
Long Blades    | |  2.6
Axes           | |  0.9
Maces & Flails | |  0.9
Polearms       | |  0.9
Staves         | |  0.9
Slings         | |  0.9
Bows           | |  0.9
Crossbows      | |  0.9
Throwing       | |  0.9
Armour         | |  0.9
Dodging        | |  4.5
Stealth        | |  2.4
Shields        | |  0.9
Unarmed Combat | |  0.9
Conjurations   | |  0.6
Hexes          | |  0.6
Summonings     | |  0.6
Necromancy     | |  5.4
Translocations | |  0.6
Transmutations | |  0.6
Fire Magic     | |  0.6
Ice Magic      | |  0.6
Air Magic      | |  0.6
Earth Magic    | |  0.6
Poison Magic   | |  0.6
Evocations     | |  2.6

Action                   || total
-------------------------++-------
Melee: Dagger            ||    32
       Bite              ||     3
 Cast: Pain              ||    69
Armor: Robe              ||     4
Dodge: Dodged            ||    29
